 Dungeon Crawl Stone Soup version 0.31-a0-698-g4a7cf283bb (webtiles) character file.

Game seed: 191106086252629075

49900 qw the Marksgargoyle (level 14, -11/96 HPs)
             Began as a Gargoyle Hunter on Sept 7, 2023.
             Was an Elder of Okawaru.
             Mangled by a dire elephant (18 damage)
             ... on level 5 of the Lair of Beasts.
             The game lasted 00:11:45 (16187 turns).

qw the Marksgargoyle (Gargoyle Hunter)             Turns: 16187, Time: 00:11:46

Health: -11/96     AC: 25    Str: 17    XL:     14   Next: 52%
Magic:  21/21      EV: 24    Int: 11    God:    Okawaru [****..]
Gold:   678        SH:  5    Dex: 17    Spells: 13/13 levels left

rFire   + . .        Y - +0 orcbow
rCold   . . .        (shield currently unavailable)
rNeg    + . .        h - +3 leather armour
rPois   inf          c - +1 helmet
rElec   +            p - +0 cloak
rCorr   .            n - +0 pair of gloves
SInv    .            j - +0 pair of boots
Will    +....        r - amulet of reflection
Stlth   +++          g - +5 ring of evasion
HPRegen 0.36/turn    i - ring of Dorufoff {rF+ Str+2}
MPRegen 0.17/turn

%: reflection
@: heroic, flying
A: sickness immunity, AC +10, big wings, negative energy resistance 1,
electricity resistance, torment resistance 1, petrification resistance
a: Renounce Religion, Heroism, Finesse


You were on level 5 of the Lair of Beasts.
You worshipped Okawaru.
Okawaru was greatly pleased with you.
You visited 3 branches of the dungeon, and saw 15 of its levels.

You collected 831 gold pieces.
You spent 153 gold pieces at shops.


Innate Abilities, Weirdness & Mutations

You are immune to sickness and miasma.
Your stone body is resilient. (AC +10)
You are immune to poison.
Your large and strong wings let you fly.
You resist negative energy. (rN+)
You are resistant to electric shocks. (rElec)
You are resistant to unholy torment.
You are immune to petrification.


   Skills:
 + Level 14.8(19.8) Fighting
 - Level 16.0(21.0) Ranged Weapons
 - Level 7.0(12.0) Armour
 - Level 8.0(13.0) Dodging
 - Level 1.1(6.1) Stealth
 - Level 10.0 Invocations


You had 13 spell levels left.
You didn't know any spells.
Your spell library was empty.

Inventory:

Hand Weapons
 Y - a +0 orcbow (weapon)
Armour
 c - a +1 helmet (worn)
 h - a +3 leather armour (worn)
 j - a +0 pair of boots (worn)
 n - a +0 pair of gloves (worn)
 p - a +0 cloak (worn)
 v - the +0 helmet of the Gardener {rF+ rC+ Slay-4}
   (You found it on level 5 of the Lair of Beasts)

   Slay-4:    It affects your accuracy & damage with ranged weapons and melee
   (-4).
   rF+:       It protects you from fire.
   rC+:       It protects you from cold.
Jewellery
 g - a +5 ring of evasion (left hand)
 i - the ring of Dorufoff (right hand) {rF+ Str+2}
   (You found it on level 8 of the Dungeon)

   [ring of protection from fire]

   Str+2:     It affects your strength (+2).
   rF+:       It protects you from fire.
 k - a +6 ring of strength
 o - a ring of ice
 q - a ring of protection from fire
 r - an amulet of reflection (around neck)
 t - a ring of willpower
Scrolls
 e - 2 scrolls of identify
Potions
 a - 4 potions of resistance
 b - 2 potions of enlightenment
 d - 4 potions of curing
 f - 2 potions of might
 l - a potion of magic
 m - 2 potions of cancellation
 u - 2 potions of haste

Dungeon Overview and Level Annotations

Branches:
Dungeon (9/15)             Temple (1/1) D:5            Lair (5/5) D:8
 Shoals (0/4) Lair:2       Spider (0/4) Lair:2        Slime (0/5) Lair:4
    Orc (0/2) D:9

Altars:
Ashenzari
Cheibriados
Dithmenos
Elyvilon
Gozag
Hepliaklqana
Makhleb
Nemelex Xobeh
Okawaru
Qazlal
Ru
Sif Muna
Uskayaw
Vehumet
Wu Jian
Xom
Yredelemnul
Zin
The Shining One

Shops:
D:4 *   D:5 (!

Annotations:
D:9 2 transporters, qw's ghost, novice GrHu
Lair:4 exclusion: oklob plant


Message History

The dire elephant trunk-slaps you but does no damage.
You shoot an arrow. The arrow hits the dire elephant!
The dire elephant is moderately wounded.
The dire elephant tramples you.
You hold your ground!
The dire elephant trunk-slaps you but does no damage.
The dire elephant completely misses you.
The dire elephant trunk-slaps you but does no damage.
You shoot an arrow.
The arrow hits the dire elephant but does no damage.
The dire elephant is moderately wounded.
The dire elephant tramples you!!
You hold your ground!
You block the dire elephant's attack.
You shoot an arrow. The arrow hits the dire elephant!
The dire elephant is heavily wounded.
The dire elephant barely misses you. You block the dire elephant's attack.
The dire elephant tramples you but does no damage.
You block the dire elephant's attack.
You shoot an arrow. The arrow hits the dire elephant.
The dire elephant is heavily wounded.
The dire elephant tramples you.
You hold your ground!
The dire elephant trunk-slaps you but does no damage.
You shoot an arrow. The arrow hits the dire elephant!
The dire elephant is severely wounded.
The dire elephant closely misses you.
The dire elephant trunk-slaps you but does no damage.
You shoot an arrow. The arrow hits the dire elephant!
The dire elephant is severely wounded.
The dire elephant completely misses you.
The dire elephant trunk-slaps you but does no damage.
The dire elephant barely misses you.
The dire elephant trunk-slaps you but does no damage.
You shoot an arrow.
The arrow completely misses the dire elephant.
The arrow hits the dire elephant simulacrum.
The dire elephant simulacrum is lightly damaged.
The dire elephant misses you. x2
You shoot an arrow. The arrow hits the dire elephant!
The dire elephant is almost dead.
The dire elephant tramples you!!
You die...

####### ##..#..##77
#.P.......77##
###P.........7.#
#@YZ#..#P.#....## # ##
####Y'#''####77...#
##8.).8##~~.##8YYp.#..8#
77.7#
8#)$...'~~~.ZY...Z.#...#
#+##
:#$=Yp.'~~~~p#8.####.#.#
#:## :#8YYY8#~~~~
####....#'#########
8#######.~~
#....####.)...8####
###8.8###. ###.####
#......#
##8P}P8#####P.P#
#PP...8#


You could see 2 dire elephants, a spectral anaconda, a necromancer and a dire
elephant simulacrum.

Vanquished Creatures
  2 dire elephants (Lair:5)
  3 hydras
  A boulder beetle (Lair:4)
  A two-headed ogre (D:9)
  2 death yaks (Lair:5)
  2 skysharks
  2 spectral death yaks (Lair:5)
  An obsidian statue (Lair:5)
  Pikel (D:4)
  3 necromancers (Lair:5)
  A wolf spider (Lair:2)
  19 elephants
  3 merfolk sirens (Lair:2)
  A dire elephant zombie (Lair:5)
  Maurice (D:9)
  2 black mambas (Lair:4)
  4 torpor snails
  3 rime drakes
  13 cane toads
  A dire elephant skeleton (Lair:5)
  10 komodo dragons
  Maggie (D:9)
  A merfolk (Lair:2)
  2 trolls
  2 hornets
  Prince Ribbit (D:8)
  Grinder (D:5)
  2 spectral elephants (Lair:5)
  22 blink frogs
  3 culicivoras (Lair:2)
  A shadow (D:6)
  Sigmund (D:5)
  48 yaks
  4 wyverns
  3 basilisks
  Eustachio (D:5)
  5 steam dragons
  2 spectral cane toads (Lair:5)
  11 water moccasins
  7 orc warriors
  A sky beast (D:7)
  An elephant zombie (Lair:5)
  5 ogres
  2 ice beasts (D:6)
  9 wolves
  5 centaurs
  An elephant skeleton (Lair:5)
  A lemure (D:4)
  5 kobold brigands
  11 bullfrogs
  4 gnoll sergeants
  5 scorpions
  5 wights (D:9)
  A killer bee (D:6)
  2 electric eels
  A howler monkey (D:3)
  5 jellies
  2 orc priests
  2 gnoll boudas
  2 hounds
  An iron imp (D:8)
  2 sleepcaps
  7 hell rats (Lair:5)
  6 iguanas
  An orc wizard (D:7)
  Robin (D:3)
  16 gnolls
  4 adders
  4 white imps
  An ufetubus (D:6)
  3 worms
  4 dart slugs
  24 orcs
  5 ball pythons
  8 endoplasms
  2 giant cockroaches (D:3)
  16 goblins
  14 hobgoblins
  6 jackals
  8 bats
  2 frilled lizards
  22 kobolds
  6 rats
427 creatures vanquished.

Vanquished Creatures (others)
  2 kobolds (D:9)
2 creatures vanquished.

Grand Total: 429 creatures vanquished

Notes
Turn   | Place    | Note
-------+----------+-------------------------------------------
     0 | D:1      | qw the Gargoyle Hunter began the quest for the Orb.
     0 | D:1      | Reached XP level 1. HP: 12/12 MP: 1/1
     0 | D:1      | 0 ||| qw: Version: 0.3-a-76-g4403597
     0 | D:1      | 0 ||| qw: Game counter: 387
     0 | D:1      | 0 ||| qw: Melee chars always use a shield: true
     0 | D:1      | 0 ||| qw: God list: Okawaru
     0 | D:1      | 0 ||| qw: Allow faded altars: false
     0 | D:1      | 0 ||| qw: Do Orc after clearing Dungeon:15 true
     0 | D:1      | 0 ||| qw: Do second Lair branch before Depths: true
     0 | D:1      | 0 ||| qw: Lair rune preference: random
     0 | D:1      | 0 ||| qw: Goals: Normal
     0 | D:1      | 0 ||| PLANNING D:1-11
   227 | D:1      | Reached XP level 2. HP: 17/17 MP: 2/2
   440 | D:1      | Found a faded altar of an unknown god.
   655 | D:1      | Reached XP level 3. HP: 21/21 MP: 3/3
   768 | D:1      | 768 ||| UPGRADING to +0 pair of boots.
   773 | D:1      | 773 ||| UPGRADING to +5 ring of evasion.
   774 | D:1      | 774 ||| READING 2 scrolls labelled METWUB WEXKAJE.
   775 | D:1      | 775 ||| READING scroll labelled RUTIWUBBIDU.
   790 | D:1      | 790 ||| READING scroll labelled FENGYH SOSAFUTZ.
   795 | D:1      | 795 ||| DRINKING 2 green potions.
   796 | D:1      | 796 ||| DROPPING scroll of fog.
   797 | D:1      | 797 ||| DROPPING scroll of butterflies.
   827 | D:2      | Reached skill level 5 in Ranged Weapons
   999 | D:2      | Reached skill level 3 in Fighting
  1007 | D:2      | Reached XP level 4. HP: 28/28 MP: 4/4
  1463 | D:2      | 1463 ||| UPGRADING to +0 ring mail.
  1473 | D:2      | 1473 ||| DROPPING +0 leather armour.
  1474 | D:2      | 1474 ||| READING 2 scrolls labelled WOHICV TINEJO.
  1475 | D:2      | 1475 ||| READING scroll labelled FUYTYU UGITIGG.
  1476 | D:2      | 1476 ||| READING scroll labelled ASHRANG WAQOA.
  1477 | D:2      | 1477 ||| DRINKING 3 smoky sapphire potions.
  1478 | D:2      | 1478 ||| DRINKING 2 fuming amethyst potions.
  1488 | D:2      | 1488 ||| DROPPING potion of ambrosia.
  1606 | D:3      | 1606 ||| RETREATING.
  1608 | D:3      | 1608 ||| Stepping ~*~*~tactically~*~*~ (retreating).
  1612 | D:3      | Reached skill level 1 in Armour
  1619 | D:3      | 1619 ||| FLEEEEING.
  1628 | D:3      | Reached XP level 5. HP: 23/32 MP: 5/5
  1689 | D:3      | Noticed Robin
  1690 | D:3      | 1690 ||| Stepping ~*~*~tactically~*~*~ (outnumbered).
  1716 | D:3      | Killed Robin
  1876 | D:3      | Reached skill level 6 in Ranged Weapons
  1997 | D:3      | Found a shimmering blue altar of Sif Muna.
  2202 | D:3      | Reached XP level 6. HP: 39/39 MP: 6/6
  2226 | D:3      | Identified the +2 short sword "Foggi" {elec, Str+3 Dex+3}
  2348 | D:3      | 2348 ||| UPGRADING to +0 helmet.
  2353 | D:3      | 2353 ||| UPGRADING to +3 leather armour.
  2363 | D:3      | 2363 ||| DROPPING +0 ring mail.
  2606 | D:4      | Found Zoba's Assorted Antiques.
  2619 | D:4      | 2619 ||| BUYING fizzy yellow potion (23 gold).
  2619 | D:4      | Bought a fizzy yellow potion for 23 gold pieces
  2619 | D:4      | 2619 ||| BUYING large granite ring (130 gold).
  2619 | D:4      | Bought a large granite ring for 130 gold pieces
  2619 | D:4      | 2619 ||| SHOPLISTING pair of gloves (117 gold, have 22).
  2619 | D:4      | 2619 ||| SHOPLISTING scroll of identify (52 gold, have 22).
  2807 | D:4      | Found a stormy altar of Qazlal.
  2808 | D:4      | Found a shadowy altar of Dithmenos.
  2809 | D:4      | Found a basalt altar of Yredelemnul.
  2939 | D:4      | Found a broken altar of Ashenzari.
  2941 | D:4      | 2941 ||| UPGRADING to +6 ring of strength.
  2942 | D:4      | 2942 ||| READING scroll labelled USKINK JESY.
  2943 | D:4      | 2943 ||| READING scroll labelled DYT TEOMIZ.
  2944 | D:4      | 2944 ||| DRINKING 2 fizzy black potions.
  2965 | D:5      | Entered Level 5 of the Dungeon
  2966 | D:5      | Noticed Pikel
  2970 | D:5      | 2970 ||| STAIRDANCE
  3035 | D:5      | 3035 ||| STAIRDANCE
  3037 | D:4      | 3037 ||| Stepping ~*~*~tactically~*~*~ (retreating).
  3038 | D:4      | 3038 ||| Stepping ~*~*~tactically~*~*~ (retreating).
  3039 | D:4      | 3039 ||| Stepping ~*~*~tactically~*~*~ (retreating).
  3040 | D:4      | 3040 ||| Stepping ~*~*~tactically~*~*~ (retreating).
  3041 | D:4      | 3041 ||| Stepping ~*~*~tactically~*~*~ (retreating).
  3042 | D:4      | 3042 ||| Stepping ~*~*~tactically~*~*~ (retreating).
  3043 | D:4      | 3043 ||| Stepping ~*~*~tactically~*~*~ (retreating).
  3066 | D:4      | Killed Pikel
  3067 | D:4      | Reached skill level 8 in Ranged Weapons
  3067 | D:4      | Reached XP level 7. HP: 21/44 MP: 7/7
  3196 | D:5      | 3196 ||| Stepping ~*~*~tactically~*~*~ (retreating).
  3198 | D:5      | 3198 ||| Stepping ~*~*~tactically~*~*~ (retreating).
  3199 | D:5      | 3199 ||| Stepping ~*~*~tactically~*~*~ (retreating).
  3215 | D:5      | HP: 11/44 [gnoll/+0 club (6)]
  3216 | D:5      | 3216 ||| DRINKING 2 potions of heal wounds.
  3230 | D:5      | Reached XP level 8. HP: 20/49 MP: 8/8
  3268 | D:5      | 3268 ||| FLEEEEING.
  3269 | D:5      | 3269 ||| FLEEEEING.
  3270 | D:5      | 3270 ||| STAIRDANCE
  3331 | D:4      | 3331 ||| READING scroll labelled LAMUON CUKEL.
  3332 | D:4      | 3332 ||| READING 2 scrolls of identify.
  3332 | D:4      | 3332 ||| IDENTIFYING fizzy clear potion
  3407 | D:5      | Noticed Sigmund
  3418 | D:5      | Killed Sigmund
  3419 | D:5      | Reached skill level 9 in Ranged Weapons
  3444 | D:5      | Noticed Grinder
  3462 | D:5      | Killed Grinder
  3463 | D:5      | Reached skill level 6 in Fighting
  3578 | D:5      | Found Qysmuqo's Hydra Hut.
  3590 | D:5      | Noticed an eight-headed hydra
  3593 | D:5      | 3593 ||| SHOPLISTING +0 orcbow of freezing (91 gold, have
                  | 58).
  3593 | D:5      | 3593 ||| SHOPLISTING +2 arbalest of freezing (221 gold,
                  | have 58).
  3593 | D:5      | 3593 ||| SHOPLISTING +2 orcbow of freezing (201 gold, have
                  | 58).
  3593 | D:5      | 3593 ||| SHOPLISTING +2 shortbow of freezing (191 gold,
                  | have 58).
  3658 | D:5      | 3658 ||| READING scroll of enchant armour.
  3658 | D:5      | 3658 ||| ENCHANTING +0 helmet.
  3662 | D:5      | Noticed Eustachio
  3669 | D:5      | 3669 ||| RETREATING.
  3671 | D:5      | 3671 ||| Stepping ~*~*~tactically~*~*~ (retreating).
  3672 | D:5      | 3672 ||| Stepping ~*~*~tactically~*~*~ (retreating).
  3673 | D:5      | 3673 ||| Stepping ~*~*~tactically~*~*~ (retreating).
  3675 | D:5      | 3675 ||| Stepping ~*~*~tactically~*~*~ (retreating).
  3677 | D:5      | 3677 ||| Stepping ~*~*~tactically~*~*~ (retreating).
  3678 | D:5      | 3678 ||| Stepping ~*~*~tactically~*~*~ (retreating).
  3679 | D:5      | 3679 ||| Stepping ~*~*~tactically~*~*~ (retreating).
  3680 | D:5      | 3680 ||| Stepping ~*~*~tactically~*~*~ (retreating).
  3681 | D:5      | 3681 ||| Stepping ~*~*~tactically~*~*~ (retreating).
  3682 | D:5      | 3682 ||| Stepping ~*~*~tactically~*~*~ (retreating).
  3684 | D:5      | 3684 ||| Stepping ~*~*~tactically~*~*~ (outnumbered).
  3685 | D:5      | 3685 ||| Stepping ~*~*~tactically~*~*~ (retreating).
  3687 | D:5      | Killed Eustachio
  3877 | D:5      | Found Ovimelemm's Distillery.
  3880 | D:5      | 3880 ||| SHOPLISTING potion of enlightenment (65 gold, have
                  | 64).
  3880 | D:5      | 3880 ||| SHOPLISTING potion of mutation (104 gold, have
                  | 64).
  3890 | D:5      | Found a staircase to the Ecumenical Temple.
  3891 | D:5      | 3891 ||| PLANNING TEMPLE
  3891 | D:5      | 3891 ||| UPGRADING to ring of willpower.
  3893 | D:5      | 3893 ||| READING scroll labelled ZUDIZUHARO.
  3894 | D:5      | 3894 ||| READING 2 scrolls of identify.
  3894 | D:5      | 3894 ||| IDENTIFYING glowing sapphire potion
  3895 | D:5      | 3895 ||| DROPPING potion of magic.
  3904 | Temple   | Entered the Ecumenical Temple
  3905 | Temple   | 3905 ||| PLANNING D:1-11
  3939 | D:5      | Reached skill level 10 in Ranged Weapons
  4100 | D:5      | 4100 ||| READING 2 scrolls of identify.
  4100 | D:5      | 4100 ||| IDENTIFYING fizzy yellow potion
  4142 | D:6      | Reached XP level 9. HP: 56/56 MP: 9/9
  4213 | D:6      | 4213 ||| UPGRADING to +0 pair of gloves.
  4223 | D:6      | Reached skill level 3 in Dodging
  4619 | D:6      | Noticed a troll
  4625 | D:6      | 4625 ||| RETREATING.
  4645 | D:6      | Reached skill level 11 in Ranged Weapons
  4654 | D:6      | Killed a troll
  4655 | D:6      | Reached skill level 3 in Armour
  4667 | D:6      | 4667 ||| FLEEEEING.
  4668 | D:6      | 4668 ||| FLEEEEING.
  4676 | D:6      | HP: 13/57 [something (4)]
  4677 | D:6      | 4677 ||| READING scroll of teleportation.
  4678 | D:6      | 4678 ||| DRINKING potion of heal wounds.
  4996 | D:6      | 4996 ||| UPGRADING to amulet of reflection.
  5001 | D:6      | 5001 ||| READING scroll labelled LICUBB CAUWIX.
  5002 | D:6      | 5002 ||| READING scroll labelled MIYVYP UR KUIS.
  5003 | D:6      | 5003 ||| READING 2 scrolls of identify.
  5003 | D:6      | 5003 ||| IDENTIFYING bubbling cyan potion
  5040 | D:7      | 5040 ||| RETREATING.
  5097 | D:7      | Noticed a hornet
  5111 | D:7      | Killed a hornet
  5112 | D:7      | Reached XP level 10. HP: 41/64 MP: 10/10
  5288 | D:7      | 5288 ||| Stepping ~*~*~tactically~*~*~ (cloud).
  5561 | D:7      | 5561 ||| Stepping ~*~*~tactically~*~*~ (outnumbered).
  5568 | D:7      | 5568 ||| Stepping ~*~*~tactically~*~*~ (outnumbered).
  5569 | D:7      | 5569 ||| Stepping ~*~*~tactically~*~*~ (outnumbered).
  5570 | D:7      | 5570 ||| Stepping ~*~*~tactically~*~*~ (outnumbered).
  5577 | D:7      | 5577 ||| Stepping ~*~*~tactically~*~*~ (outnumbered).
  5580 | D:7      | 5580 ||| Stepping ~*~*~tactically~*~*~ (outnumbered).
  5593 | D:7      | Reached skill level 12 in Ranged Weapons
  6125 | D:7      | Found an opulent altar of Gozag.
  6183 | D:7      | 6183 ||| SWAPPING to +0 orcbow.
  6184 | D:7      | 6184 ||| DROPPING +1 shortbow.
  6207 | D:7      | 6207 ||| READING 3 scrolls of identify.
  6207 | D:7      | 6207 ||| IDENTIFYING pink potion
  6208 | D:7      | 6208 ||| READING 2 scrolls of identify.
  6208 | D:7      | 6208 ||| IDENTIFYING glowing clear potion
  6209 | D:7      | 6209 ||| DROPPING potion of lignification.
  6210 | D:7      | 6210 ||| DROPPING potion of brilliance.
  6227 | D:8      | Found a staircase to the Lair.
  6228 | D:8      | 6228 ||| STAIRDANCE
  6236 | D:8      | 6236 ||| STAIRDANCE
  6287 | D:8      | Identified the ring of Dorufoff {rF+ Str+2}
  6332 | D:8      | 6332 ||| Stepping ~*~*~tactically~*~*~ (outnumbered).
  6334 | D:8      | 6334 ||| RETREATING.
  6454 | D:8      | 6454 ||| Stepping ~*~*~tactically~*~*~ (cloud).
  6471 | D:8      | HP: 15/64 [steam dragon (5)]
  6472 | D:8      | 6472 ||| READING 2 scrolls of teleportation.
  6475 | D:8      | 6475 ||| FLEEEEING.
  6477 | D:8      | 6477 ||| FLEEEEING.
  6691 | D:8      | Noticed Prince Ribbit
  6696 | D:8      | Killed Prince Ribbit
  6807 | D:8      | Found a snail-covered altar of Cheibriados.
  6932 | D:8      | 6932 ||| DROPPING +2 ring mail of poison resistance.
  6933 | D:8      | 6933 ||| UPGRADING to ring of Dorufoff {rF+ Str+2}.
  6935 | D:8      | 6935 ||| DROPPING ring of positive energy.
  6968 | D:9      | Noticed Maurice
  6969 | D:9      | 6969 ||| RETREATING.
  6970 | D:9      | 6970 ||| Stepping ~*~*~tactically~*~*~ (retreating).
  6981 | D:9      | 6981 ||| DRINKING potion of curing.
  6981 | D:9      | 6981 ||| (to cure confusion)
  7049 | D:9      | Killed Maurice
  7050 | D:9      | Reached skill level 13 in Ranged Weapons
  7052 | D:9      | Found a sacrificial altar of Ru.
  7099 | D:9      | Noticed Maggie
  7117 | D:9      | HP: 15/64 [Maggie/+1 long sword of distortion (3)]
  7118 | D:9      | 7118 ||| READING 2 scrolls of teleportation.
  7119 | D:9      | 7119 ||| DRINKING potion of heal wounds.
  7121 | D:9      | Noticed a two-headed ogre
  7122 | D:9      | 7122 ||| Stepping ~*~*~tactically~*~*~ (retreating).
  7123 | D:9      | 7123 ||| Stepping ~*~*~tactically~*~*~ (retreating).
  7124 | D:9      | 7124 ||| Stepping ~*~*~tactically~*~*~ (retreating).
  7135 | D:9      | Killed a two-headed ogre
  7136 | D:9      | Reached skill level 9 in Fighting
  7230 | D:9      | Killed Maggie
  7390 | D:9      | Found an iron altar of Okawaru.
  7391 | D:9      | 7391 ||| PLANNING OKAWARU WORSHIP
  7391 | D:9      | 7391 ||| UPGRADING to +0 cloak.
  7402 | D:9      | Became a worshipper of Warmaster Okawaru
  7403 | D:9      | 7403 ||| PLANNING D:1-11
  7444 | D:9      | Reached XP level 11. HP: 55/71 MP: 11/11
  7498 | D:9      | HP: 16/71 [yak (9)]
  7499 | D:9      | 7499 ||| READING scroll of teleportation.
  7719 | D:9      | Reached * piety under Okawaru
  7777 | D:9      | 7777 ||| FLEEEEING.
  7778 | D:9      | 7778 ||| FLEEEEING.
  7794 | D:9      | Reached skill level 1 in Invocations
  7876 | D:9      | Found a staircase to the Orcish Mines.
  7877 | D:9      | 7877 ||| Stepping ~*~*~tactically~*~*~ (retreating).
  7878 | D:9      | 7878 ||| Stepping ~*~*~tactically~*~*~ (retreating).
  7879 | D:9      | 7879 ||| INVOKING Heroism.
  7888 | D:9      | 7888 ||| Stepping ~*~*~tactically~*~*~ (retreating).
  7894 | D:9      | Reached skill level 14 in Ranged Weapons
  7897 | D:9      | 7897 ||| INVOKING Heroism.
  7914 | D:9      | 7914 ||| INVOKING Heroism.
  7938 | D:9      | 7938 ||| INVOKING Heroism.
  8110 | D:9      | Found a transporter.
  8112 | D:9      | Noticed qw's ghost (novice GrHu)
  8117 | D:9      | Found a transporter.
  8117 | D:9      | Identified the +9 giant club "Locvuxun" {drain, rPois rN+}
  8117 | D:9      | Noticed a two-headed ogre
  8117 | D:9      | Noticed a two-headed ogre
  8120 | D:9      | Noticed a two-headed ogre
  8348 | D:9      | 8348 ||| PLANNING LAIR
  8408 | Lair:1   | Entered Level 1 of the Lair of Beasts
  8457 | Lair:1   | 8457 ||| INVOKING Heroism.
  8525 | Lair:1   | 8525 ||| INVOKING Heroism.
  8537 | Lair:1   | Reached skill level 3 in Invocations
  8543 | Lair:1   | 8543 ||| INVOKING Heroism.
  8633 | Lair:1   | 8633 ||| RETREATING.
  8634 | Lair:1   | 8634 ||| Stepping ~*~*~tactically~*~*~ (retreating).
  8635 | Lair:1   | 8635 ||| Stepping ~*~*~tactically~*~*~ (retreating).
  8636 | Lair:1   | 8636 ||| Stepping ~*~*~tactically~*~*~ (retreating).
  8637 | Lair:1   | 8637 ||| Stepping ~*~*~tactically~*~*~ (retreating).
  8638 | Lair:1   | 8638 ||| Stepping ~*~*~tactically~*~*~ (retreating).
  8639 | Lair:1   | 8639 ||| Stepping ~*~*~tactically~*~*~ (retreating).
  8772 | Lair:1   | 8772 ||| Stepping ~*~*~tactically~*~*~ (retreating).
  8773 | Lair:1   | 8773 ||| Stepping ~*~*~tactically~*~*~ (retreating).
  8775 | Lair:1   | 8775 ||| INVOKING Heroism.
  8954 | Lair:1   | 8954 ||| RETREATING.
  8959 | Lair:1   | 8959 ||| Stepping ~*~*~tactically~*~*~ (retreating).
  8960 | Lair:1   | 8960 ||| Stepping ~*~*~tactically~*~*~ (retreating).
  8961 | Lair:1   | 8961 ||| Stepping ~*~*~tactically~*~*~ (retreating).
  8962 | Lair:1   | 8962 ||| Stepping ~*~*~tactically~*~*~ (retreating).
  8963 | Lair:1   | 8963 ||| Stepping ~*~*~tactically~*~*~ (retreating).
  8964 | Lair:1   | 8964 ||| Stepping ~*~*~tactically~*~*~ (retreating).
  8965 | Lair:1   | 8965 ||| Stepping ~*~*~tactically~*~*~ (retreating).
  8966 | Lair:1   | 8966 ||| Stepping ~*~*~tactically~*~*~ (retreating).
  8996 | Lair:1   | 8996 ||| Stepping ~*~*~tactically~*~*~ (retreating).
  8997 | Lair:1   | 8997 ||| Stepping ~*~*~tactically~*~*~ (retreating).
  8998 | Lair:1   | 8998 ||| Stepping ~*~*~tactically~*~*~ (retreating).
  8999 | Lair:1   | 8999 ||| Stepping ~*~*~tactically~*~*~ (retreating).
  9000 | Lair:1   | 9000 ||| INVOKING Heroism.
  9012 | Lair:1   | HP: 13/72 [elephant (10)]
  9014 | Lair:1   | Reached ** piety under Okawaru
  9020 | Lair:1   | HP: 11/72 [elephant (4)]
  9024 | Lair:1   | Reached skill level 15 in Ranged Weapons
  9028 | Lair:1   | 9028 ||| INVOKING Heroism.
  9294 | Lair:1   | 9294 ||| RETREATING.
  9295 | Lair:1   | 9295 ||| INVOKING Heroism.
  9299 | Lair:1   | 9299 ||| Stepping ~*~*~tactically~*~*~ (retreating).
  9300 | Lair:1   | 9300 ||| Stepping ~*~*~tactically~*~*~ (retreating).
  9301 | Lair:1   | 9301 ||| Stepping ~*~*~tactically~*~*~ (retreating).
  9316 | Lair:1   | Reached XP level 12. HP: 66/77 MP: 15/15
  9321 | Lair:1   | 9321 ||| INVOKING Heroism.
  9432 | Lair:1   | 9432 ||| RETREATING.
  9442 | Lair:1   | 9442 ||| Stepping ~*~*~tactically~*~*~ (retreating).
  9443 | Lair:1   | 9443 ||| Stepping ~*~*~tactically~*~*~ (retreating).
  9449 | Lair:1   | Reached *** piety under Okawaru
  9711 | Lair:1   | 9711 ||| INVOKING Heroism.
  9742 | Lair:1   | 9742 ||| DRINKING 2 ruby potions.
  9743 | Lair:1   | 9743 ||| DROPPING potion of degeneration.
  9817 | Lair:2   | 9817 ||| RETREATING.
  9843 | Lair:2   | 9843 ||| Stepping ~*~*~tactically~*~*~ (retreating).
  9844 | Lair:2   | 9844 ||| Stepping ~*~*~tactically~*~*~ (retreating).
  9866 | Lair:2   | 9866 ||| Stepping ~*~*~tactically~*~*~ (retreating).
  9869 | Lair:2   | 9869 ||| INVOKING Heroism.
  9900 | Lair:2   | 9900 ||| INVOKING Heroism.
  9950 | Lair:2   | 9950 ||| FLEEEEING.
 10056 | Lair:2   | 10056 ||| RETREATING.
 10095 | Lair:2   | 10095 ||| INVOKING Heroism.
 10099 | Lair:2   | Reached skill level 16 in Ranged Weapons
 10211 | Lair:2   | 10211 ||| INVOKING Heroism.
 10360 | Lair:2   | 10360 ||| Stepping ~*~*~tactically~*~*~ (retreating).
 10398 | Lair:2   | Reached **** piety under Okawaru
 10406 | Lair:2   | Found a staircase to the Shoals.
 10462 | Lair:2   | 10462 ||| RETREATING.
 10484 | Lair:2   | 10484 ||| INVOKING Heroism.
 10584 | Lair:2   | Received a gift from Okawaru
 10640 | Lair:2   | 10640 ||| RETREATING.
 10650 | Lair:2   | 10650 ||| INVOKING Heroism.
 10651 | Lair:2   | 10651 ||| Stepping ~*~*~tactically~*~*~ (retreating).
 10701 | Lair:2   | 10701 ||| FLEEEEING.
 10765 | Lair:2   | 10765 ||| Stepping ~*~*~tactically~*~*~ (retreating).
 10773 | Lair:2   | 10773 ||| Stepping ~*~*~tactically~*~*~ (retreating).
 10986 | Lair:2   | Noticed a four-headed hydra
 10987 | Lair:2   | 10987 ||| INVOKING Heroism.
 10997 | Lair:2   | Killed a four-headed hydra
 10998 | Lair:2   | Reached skill level 6 in Dodging
 11120 | Lair:2   | Found a hole to the Spider Nest.
 11122 | Lair:2   | 11122 ||| RETREATING.
 11128 | Lair:2   | 11128 ||| INVOKING Heroism.
 11129 | Lair:2   | 11129 ||| Stepping ~*~*~tactically~*~*~ (retreating).
 11139 | Lair:2   | Reached skill level 6 in Invocations
 11284 | Lair:2   | 11284 ||| INVOKING Heroism.
 11351 | Lair:3   | Reached XP level 13. HP: 84/84 MP: 16/18
 11378 | Lair:3   | 11378 ||| INVOKING Heroism.
 11645 | Lair:3   | 11645 ||| RETREATING.
 11647 | Lair:3   | 11647 ||| RETREATING.
 11649 | Lair:3   | 11649 ||| Stepping ~*~*~tactically~*~*~ (retreating).
 11675 | Lair:3   | 11675 ||| FLEEEEING.
 11676 | Lair:3   | 11676 ||| FLEEEEING.
 11727 | Lair:3   | 11727 ||| FLEEEEING.
 11729 | Lair:3   | 11729 ||| INVOKING Heroism.
 11777 | Lair:3   | Reached skill level 12 in Fighting
 11833 | Lair:3   | 11833 ||| INVOKING Heroism.
 12219 | Lair:3   | 12219 ||| READING scroll labelled YWEUSM GUNOSYOCLO.
 12235 | Lair:4   | 12235 ||| RETREATING.
 12240 | Lair:4   | 12240 ||| Stepping ~*~*~tactically~*~*~ (retreating).
 12242 | Lair:4   | 12242 ||| Stepping ~*~*~tactically~*~*~ (retreating).
 12247 | Lair:4   | 12247 ||| INVOKING Heroism.
 12288 | Lair:4   | HP: 18/86 [yak (6)]
 12289 | Lair:4   | 12289 ||| READING 2 scrolls of teleportation.
 12290 | Lair:4   | 12290 ||| INVOKING Heroism.
 12492 | Lair:4   | Reached skill level 6 in Armour
 12530 | Lair:4   | 12530 ||| INVOKING Heroism.
 12533 | Lair:4   | 12533 ||| Stepping ~*~*~tactically~*~*~ (retreating).
 12559 | Lair:4   | HP: 10/86 [boulder beetle (18)]
 12560 | Lair:4   | 12560 ||| READING scroll of teleportation.
 12560 | Lair:4   | HP: 1/86 [cane toad (10)]
 12561 | Lair:4   | 12561 ||| Stepping ~*~*~tactically~*~*~ (retreating).
 12562 | Lair:4   | 12562 ||| Stepping ~*~*~tactically~*~*~ (retreating).
 12563 | Lair:4   | 12563 ||| Stepping ~*~*~tactically~*~*~ (retreating).
 12596 | Lair:4   | 12596 ||| INVOKING Heroism.
 12601 | Lair:4   | HP: 7/86 [black mamba (8)]
 12675 | Lair:4   | 12675 ||| FLEEEEING.
 12676 | Lair:4   | 12676 ||| FLEEEEING.
 12681 | Lair:4   | 12681 ||| STAIRDANCE
 12859 | Lair:4   | 12859 ||| INVOKING Heroism.
 12898 | Lair:4   | You fall into a shaft and drop 1 floor!
 12898 | Lair:5   | Entered Level 5 of the Lair of Beasts
 12907 | Lair:5   | 12907 ||| RETREATING.
 12908 | Lair:5   | 12908 ||| Stepping ~*~*~tactically~*~*~ (retreating).
 12909 | Lair:5   | 12909 ||| Stepping ~*~*~tactically~*~*~ (retreating).
 12910 | Lair:5   | 12910 ||| Stepping ~*~*~tactically~*~*~ (retreating).
 12942 | Lair:5   | 12942 ||| Stepping ~*~*~tactically~*~*~ (retreating).
 12943 | Lair:5   | 12943 ||| Stepping ~*~*~tactically~*~*~ (retreating).
 12944 | Lair:5   | 12944 ||| Stepping ~*~*~tactically~*~*~ (retreating).
 12957 | Lair:5   | 12957 ||| Stepping ~*~*~tactically~*~*~ (retreating).
 13037 | Lair:5   | 13037 ||| INVOKING Heroism.
 13088 | Lair:5   | 13088 ||| INVOKING Heroism.
 13218 | Lair:5   | 13218 ||| DROPPING ring of resist corrosion.
 13241 | Lair:4   | 13241 ||| INVOKING Heroism.
 13281 | Lair:4   | 13281 ||| INVOKING Heroism.
 13398 | Lair:4   | Reached skill level 9 in Invocations
 13408 | Lair:4   | 13408 ||| INVOKING Heroism.
 13454 | Lair:4   | Found a staircase to the Slime Pits.
 13488 | Lair:4   | 13488 ||| INVOKING Heroism.
 13594 | Lair:4   | 13594 ||| INVOKING Heroism.
 13642 | Lair:4   | 13642 ||| INVOKING Heroism.
 13652 | Lair:4   | 13652 ||| DROPPING amulet of magic regeneration.
 13701 | Lair:4   | 13701 ||| FLEEEEING.
 13702 | Lair:4   | 13702 ||| FLEEEEING.
 13703 | Lair:4   | 13703 ||| INVOKING Heroism.
 13738 | Lair:4   | 13738 ||| FLEEEEING.
 13743 | Lair:4   | 13743 ||| FLEEEEING.
 13744 | Lair:4   | 13744 ||| FLEEEEING.
 13752 | Lair:4   | 13752 ||| FLEEEEING.
 13753 | Lair:4   | 13753 ||| STAIRDANCE
 13829 | Lair:4   | 13829 ||| INVOKING Heroism.
 13937 | Lair:4   | 13937 ||| INVOKING Heroism.
 13992 | Lair:4   | 13992 ||| FLEEEEING.
 14161 | Lair:4   | 14161 ||| RETREATING.
 14162 | Lair:4   | 14162 ||| Stepping ~*~*~tactically~*~*~ (retreating).
 14163 | Lair:4   | 14163 ||| Stepping ~*~*~tactically~*~*~ (retreating).
 14164 | Lair:4   | 14164 ||| Stepping ~*~*~tactically~*~*~ (retreating).
 14165 | Lair:4   | 14165 ||| Stepping ~*~*~tactically~*~*~ (retreating).
 14166 | Lair:4   | 14166 ||| Stepping ~*~*~tactically~*~*~ (retreating).
 14167 | Lair:4   | 14167 ||| Stepping ~*~*~tactically~*~*~ (retreating).
 14168 | Lair:4   | 14168 ||| Stepping ~*~*~tactically~*~*~ (retreating).
 14169 | Lair:4   | 14169 ||| Stepping ~*~*~tactically~*~*~ (retreating).
 14170 | Lair:4   | 14170 ||| Stepping ~*~*~tactically~*~*~ (retreating).
 14172 | Lair:4   | 14172 ||| Stepping ~*~*~tactically~*~*~ (retreating).
 14173 | Lair:4   | 14173 ||| Stepping ~*~*~tactically~*~*~ (retreating).
 14177 | Lair:4   | 14177 ||| Stepping ~*~*~tactically~*~*~ (retreating).
 14253 | Lair:4   | 14253 ||| INVOKING Heroism.
 14371 | Lair:5   | Gained mutation: Your large and strong wings let you fly.
                  | [Gargoyle growth]
 14371 | Lair:5   | Reached XP level 14. HP: 86/94 MP: 20/20
 14518 | Lair:5   | 14518 ||| FLEEEEING.
 14519 | Lair:5   | 14519 ||| FLEEEEING.
 14563 | Lair:5   | 14563 ||| INVOKING Heroism.
 14748 | Lair:5   | 14748 ||| INVOKING Heroism.
 15118 | Lair:5   | Noticed a dire elephant
 15118 | Lair:5   | Noticed a dire elephant
 15119 | Lair:5   | Noticed a dire elephant
 15120 | Lair:5   | Noticed a dire elephant
 15121 | Lair:5   | 15121 ||| INVOKING Heroism.
 15179 | Lair:5   | Noticed a dire elephant
 15180 | Lair:5   | 15180 ||| INVOKING Heroism.
 15213 | Lair:5   | Killed a dire elephant
 15226 | Lair:5   | 15226 ||| INVOKING Heroism.
 15420 | Lair:5   | 15420 ||| INVOKING Heroism.
 15501 | Lair:5   | 15501 ||| FLEEEEING.
 15509 | Lair:5   | 15509 ||| FLEEEEING.
 15510 | Lair:5   | 15510 ||| FLEEEEING.
 15511 | Lair:5   | 15511 ||| FLEEEEING.
 15512 | Lair:5   | 15512 ||| FLEEEEING.
 15513 | Lair:5   | 15513 ||| FLEEEEING.
 15514 | Lair:5   | 15514 ||| FLEEEEING.
 15515 | Lair:5   | 15515 ||| FLEEEEING.
 15516 | Lair:5   | 15516 ||| FLEEEEING.
 15517 | Lair:5   | 15517 ||| FLEEEEING.
 15755 | Lair:5   | 15755 ||| Stepping ~*~*~tactically~*~*~ (retreating).
 15756 | Lair:5   | 15756 ||| Stepping ~*~*~tactically~*~*~ (retreating).
 15757 | Lair:5   | 15757 ||| Stepping ~*~*~tactically~*~*~ (retreating).
 15758 | Lair:5   | 15758 ||| Stepping ~*~*~tactically~*~*~ (retreating).
 15791 | Lair:5   | Reached ***** piety under Okawaru
 15878 | Lair:5   | Identified the +0 helmet of the Gardener {rF+ rC+ Slay-4}
 15894 | Lair:5   | 15894 ||| INVOKING Heroism.
 15895 | Lair:5   | 15895 ||| INVOKING Finesse.
 15901 | Lair:5   | 15901 ||| DRINKING 3 bubbling grey potions.
 16026 | Lair:5   | 16026 ||| INVOKING Heroism.
 16134 | Lair:5   | 16134 ||| INVOKING Heroism.
 16158 | Lair:5   | 16158 ||| Stepping ~*~*~tactically~*~*~ (retreating).
 16166 | Lair:5   | Killed a dire elephant
 16171 | Lair:5   | HP: 21/96 [dire elephant (7)]
 16172 | Lair:5   | 16172 ||| DRINKING 2 potions of heal wounds.
 16173 | Lair:5   | 16173 ||| Stepping ~*~*~tactically~*~*~ (retreating).
 16174 | Lair:5   | 16174 ||| DRINKING potion of heal wounds.
 16175 | Lair:5   | 16175 ||| Stepping ~*~*~tactically~*~*~ (retreating).
 16181 | Lair:5   | HP: 6/96 [dire elephant (23)]
 16187 | Lair:5   | Mangled by a dire elephant

Levels and vault maps discovered:
D:1:      onia_arrival_mini_maze, layout_basic,
          hellmonk_ecumenical_altar_heavens_door,
          chequers_serial_rivers_small_b, roderic_roman_lattice,
          minmay_box_of_dots
D:2:      layout_basic
D:3:      layout_loops_cross, led_sif_pool, uniq_robin
D:4:      layout_loops_cross, chequers_temple_overflow_statue_of_worship,
          general_overflow_altar, serial_shops, nicolae_shop_just_a_little_nook
D:5:      layout_cave_pools, minmay_temple_entry_poolview, serial_shops,
          nicolae_shop_behind_doors, doesnt_shop_hydraphobe, uniq_pikel,
          uniq_eustachio, uniq_grinder, uniq_sigmund
D:6:      minmay_chambers_of_sixes, layout_rooms, moated_statue,
          nicolae_concentric_dashed_squares_mild, chequers_serial_rivers_room_a,
          kennysheep_generic_room_5
D:7:      layout_cave_pods, lemuel_round_altar
D:8:      layout_rooms, slow_altar_1, dpeg_oklobed_lair, corner_web_ring,
          uniq_prince_ribbit1
D:9:      layout_roguey, okawaru_gym_becter, lemuel_tele_altar,
          kennysheep_orc_monster_closet_entryway, gammafunk_ghost_smash,
          serial_rivers, chequers_serial_rivers_small_b,
          chequers_serial_rivers_micro_e, chequers_serial_rivers_large_a,
          chequers_serial_rivers_micro_b, uniq_maurice, uniq_maggie
Temple:   eino_wide_crystal_templ
Lair:1:   layout_gridlike, serial_bayou_lagoon_b
Lair:2:   layout_roguey, elwin_shoals_entry_stream,
          spider_nest_entry_funnel_web, pdpol_lair_neglected_garden,
          dreamdust_gnoll_shepherd
Lair:3:   layout_loops_ring
Lair:4:   layout_misc_corridors, nicolae_slime_entry_field_trip,
          nicolae_lair_lakeside_cave, grunt_megastairs_1
Lair:5:   due_jungle_book, layout_regular_city, serial_bayou_shore_a,
          serial_bayou_shore_b

Skill      XL: |  1  2  3  4  5  6  7  8  9 10 11 12 13 14 |
---------------+-------------------------------------------+-----
Ranged Weapons | 5 6 8 10 11 13 15 16 | 16.0
Fighting       | 3 4 5 6 8 9 10 11 13 14 | 14.8
Armour         | 1 2 3 4 5 7 |  7.0
Dodging        | 2 3 4 6 7 8 |  8.0
Invocations    | 4 6 9 10 | 10.0
Stealth        | |  1.1

Action                     |  1- 3 |  4- 6 |  7- 9 | 10-12 | 13-15 || total
---------------------------+-------+-------+-------+-------+-------++-------
   Fire: Shortbow          |    96 |   262 |   347 |   133 |       ||   838
         Orcbow            |       |       |       |  1127 |  1223 ||  2350
 Invoke: Heroism           |       |       |       |    22 |    29 ||    51
         Finesse           |       |       |       |       |     1 ||     1
    Use: Scroll            |     3 |     5 |    10 |     5 |     3 ||    26
         Potion            |     1 |     3 |     2 |     3 |     3 ||    12
 Armour: Leather armour    |    18 |    24 |   148 |   363 |   355 ||   908
         Ring mail         |       |    62 |       |       |       ||    62
  Dodge: Dodged            |    26 |   149 |   229 |   601 |   560 ||  1565
  Block: Other             |       |       |     2 |   179 |   131 ||   312
         Reflection        |       |       |       |     9 |     1 ||    10

Table legend:
 A = Non-vault XP
 B = Vault XP
 C = Vault XP percentage of total XP
 D = Non-vault monster count
 E = Vault monster count
 F = Vault count percentage of total count
                 A         B        C        D         E       F
            +---------+---------+-------+---------+---------+-------
      Total |   48413 |   22874 |  32.1 |     328 |      98 |  23.0
            +---------+---------+-------+---------+---------+-------
        D:1 |      34 |       4 |  10.5 |      18 |       2 |  10.0
        D:2 |      71 |       0 |   0.0 |      20 |       0 |   0.0
        D:3 |     190 |      36 |  15.9 |      35 |      12 |  25.5
        D:4 |      63 |     593 |  90.4 |      14 |       1 |   6.7
        D:5 |     629 |     661 |  51.2 |      16 |       3 |  15.8
        D:6 |     902 |    1042 |  53.6 |      10 |       8 |  44.4
        D:7 |    1557 |       0 |   0.0 |      25 |       0 |   0.0
        D:8 |     885 |     314 |  26.2 |      13 |       2 |  13.3
        D:9 |    2954 |    2668 |  47.5 |      30 |      22 |  42.3
     Lair:1 |    8121 |       0 |   0.0 |      33 |       0 |   0.0
     Lair:2 |    7551 |    3394 |  31.0 |      27 |      11 |  28.9
     Lair:3 |    5021 |       0 |   0.0 |      18 |       0 |   0.0
     Lair:4 |   10035 |    2591 |  20.5 |      30 |      14 |  31.8
     Lair:5 |   10400 |   11571 |  52.7 |      39 |      23 |  37.1
            +---------+---------+-------+---------+---------+-------
